 Dungeon Crawl Stone Soup version 0.31-a0-845-g9abc20d24f (webtiles) character file.

Game seed: 4747439870642345086

49 Ijustatesigmund the Firebug (level 3, -6/20 HPs)
             Began as a Deep Elf Fire Elementalist on Oct 2, 2023.
             Mangled by an ice beast (14 damage)
             ... on level 3 of the Dungeon.
             The game lasted 00:02:24 (1942 turns).

Ijustatesigmund the Firebug (DEFE)                  Turns: 1942, Time: 00:02:26

Health: -6/20      AC:  2    Str:  5    XL:     3   Next: 53%
Magic:  6/10       EV: 12    Int: 21    God:
Gold:   85         SH:  0    Dex: 15    Spells: 6/9 levels left

rFire   . . .        j - +1 sling
rCold   . . .        (no shield)
rNeg    . . .        a - +0 robe
rPois   .            (no helmet)
rElec   .            (no cloak)
rCorr   .            (no gloves)
SInv    .            (no boots)
Will    .....        (no amulet)
Stlth   ++           (no ring)
HPRegen 0.23/turn    (no ring)
MPRegen 0.12/turn

%: no passive effects
@: no status effects
A: no striking features
a: no special abilities


You were on level 3 of the Dungeon.
You visited 1 branch of the dungeon, and saw 3 of its levels.

You collected 85 gold pieces.

Inventory:

Hand Weapons
 h - a +0 whip
 j - a +1 sling (weapon)
Armour
 a - a +0 robe (worn)
Scrolls
 e - a scroll of immolation {unknown}
 f - a scroll of fear
Potions
 b - a potion of magic
 c - 2 potions of ambrosia {unknown}
 d - 2 potions of curing {unknown}
 g - a potion of heal wounds {unknown}
 i - a potion of brilliance {unknown}
 k - a potion of cancellation {unknown}


   Skills:
 - Level 1.0 Fighting
 + Level 0.5 Ranged Weapons
 - Level 2.4 Dodging
 - Level 2.4 Stealth
 + Level 3.7 Spellcasting
 + Level 2.1 Conjurations
 + Level 3.7 Fire Magic


You had 6 spell levels left.
You knew the following spells:

 Your Spells              Type           Power      Damage    Failure   Level
a - Foxfire               Conj/Fire      64%        2x1d7     3%          1
b - Scorch                Fire           38%        2d6       4%          2

Your spell library contained the following spells:

 Spells                   Type           Power      Damage    Failure   Level
 Inner Flame              Hex/Fire       11%        N/A       17%         3
 Volatile Blastmotes      Fire/Tloc      22%        2d11      17%         3
 Flame Wave               Conj/Fire      16%        2d7       36%         4


Dungeon Overview and Level Annotations

Branches:
Dungeon (3/15)

Altars:

Shops:
D:1 =


Message History

You see here a +0 whip.
Done exploring.
Done exploring.
There is a stone staircase leading down here.
You climb downwards.
Found a stone staircase leading up.
There is a stone staircase leading up here.
A ball python comes into view.
You shoot a sling bullet. The sling bullet hits the ball python.
You kill the ball python!
No target in view!
You see here a ball python corpse.
An ice beast comes into view.
You shoot a sling bullet.
The sling bullet hits the ice beast but does no damage.
You shoot a sling bullet.
The sling bullet barely misses the ice beast.
Casting: Foxfire (safe; 3% risk of failure)
Confirm with . or Enter, or press ? or * to list all spells.
You conjure some foxfire!
The foxfire hits the ice beast.
The ice beast melts!
The ice beast is lightly wounded.
The foxfire hits the ice beast.
The ice beast melts!
The ice beast is moderately wounded.
Casting: Foxfire (safe; 3% risk of failure)
Confirm with . or Enter, or press ? or * to list all spells.
Flames lash the ice beast.
The ice beast melts!
The ice beast is severely wounded.
The ice beast's fire resistance burns away.
The ice beast closely misses you.
Casting: Scorch (safe; 4% risk of failure)
Confirm with . or Enter, or press ? or * to list all spells.
You conjure some foxfire!
The ice beast hits you. The ice beast freezes you!
The foxfire hits the ice beast.
The ice beast is severely wounded.
The foxfire hits the ice beast.
The ice beast melts!
The ice beast is almost dead.
The ice beast hits you. The ice beast freezes you!
Ouch! That really hurt!
You die...

# #.# ...##. #.#
......#### #<# ....
....# #.# #..## ....
#.# # #..##.##.## #.#
####. #..##.#...###<#
.....##Y.##.........#
#...@.####...#####
###..§.†## ##.##
..........# #.########
.##.......# #.........
.........####..#######
.###............#
#.........###..#
#.###+###.# #### ...
#.#


You could see an ice beast (combustible).

Vanquished Creatures
  An adder (D:2)
  A dart slug (D:1)
  A bat (D:1)
  4 endoplasms
  5 giant cockroaches
  5 goblins
  3 hobgoblins
  4 jackals (D:2)
  4 ball pythons
  A frilled lizard (D:2)
  2 kobolds
  2 rats
33 creatures vanquished.

Vanquished Creatures (others)
  111 foxfires
111 creatures vanquished.

Grand Total: 144 creatures vanquished

Notes
Turn   | Place    | Note
-------+----------+-------------------------------------------
     0 | D:1      | Ijustatesigmund the Deep Elf Fire Elementalist began the
                  | quest for the Orb.
     0 | D:1      | Reached XP level 1. HP: 10/10 MP: 6/6
   441 | D:1      | Reached XP level 2. HP: 16/16 MP: 5/8
   444 | D:1      | Learned a level 2 spell: Scorch
   872 | D:1      | Found Inemoxoy's Jewellery Shop.
   943 | D:2      | Reached skill level 1 in Fighting
   943 | D:2      | Reached XP level 3. HP: 20/20 MP: 6/10
  1934 | D:3      | Noticed an ice beast
  1942 | D:3      | Mangled by an ice beast

Illustrated notes

Levels and vault maps discovered:
D:1:      onia_arrival_pyramid, layout_basic, serial_shops,
          nicolae_shop_waterfront, kennysheep_doodads
D:2:      layout_basic
D:3:      layout_loops_ring, lemuel_doored_altar, elyvilon_altar_3,
          shapermc_ecumenical_altar_petra, minmay_misc_feat_enclosed,
          uniq_sigmund, uniq_robin, uniq_jessica

Skill      XL: |  1  2  3 |
---------------+----------+-----
Fighting       | 1 |  1.0
Conjurations   | 2 |  2.1
Ranged Weapons | |  0.5
Dodging        | |  2.4
Stealth        | |  2.4
Spellcasting   | |  3.7
Fire Magic     | |  3.7

Action                     || total
---------------------------++-------
   Fire: Sling             ||    12
   Cast: Foxfire           ||    67
         Scorch            ||     3
    Use: Scroll            ||     4
 Armour: Robe              ||    22
  Dodge: Dodged            ||    31

Table legend: (Time is in decaauts)
 A = Elapsed time spent in this place.
 B = Non-inter-level travel time spent in this place.
 C = Inter-level travel time spent in this place.
 D = Time resting spent in this place.
 E = Time spent auto-exploring this place.
 F = Levels seen in this place.
 G = Mean time per level.
                   A        B        C        D        E       F      G
               +--------+--------+--------+--------+--------+-----+--------+
         Total |   1945 |   1900 |     45 |    451 |   1191 |   3 |  648.3 |
       Dungeon |   1945 |   1900 |     45 |    451 |   1191 |   3 |  648.3 |
               +--------+--------+--------+--------+--------+-----+--------+

Top non-repeatable levels by time:
     D:2: 985 daAuts
     D:1: 925 daAuts
     D:3: 33 daAuts
